nyob, lawful female dwarven Valkyrie --------- |.......| -------------------------------- #-......<| +..............................| ###|.......| |...--------.......-----------.|# # ------.-- |...|+++|..|------.|..|(](|..-.|# ### # |...|+++|..|.....|.|..|(((|..|.|# # # |...|...||-|.._..|.-|--...|---.|##### # |...-|---..|.....|....--|--....| # # |..........|... |.............-#### # |........{.-|-----.{...........| # |..............................| # |...--|--...........-+--+---...| # |...|...|-------.---- |...| |...|(((|k. +.+ |...| |...|(((|k |.| ---- |...| |...-----f------.----..-----...| |........@f...GG...............| -------------------------------- nyob the Skirmisher Experience level: 3 Strength: 16 Dexterity: 12 Constitution: 19 Intelligence: 11 Wisdom: 9 Charisma: 8 Health: 0(44) Energy: 4(4) Def: 10 Gold: 88 Moves: 1870 Dungeon seed: CndJXCbYrQgHm_Bu Game ID: nyob_1522442135 Your Inventory: Coins $ - 88 gold pieces Weapons a - a rusty +1 long sword (weapon in hand) b - a +0 dagger (in quiver) k - a +0 dagger Armor e - an uncursed +3 small shield (being worn) n - a blessed +0 dwarvish cloak (being worn) q - an uncursed +0 banded mail (being worn) Comestibles c - 2 uncursed food rations Scrolls j - an uncursed scroll of enchant armor m - an uncursed scroll of identify Tools d - an uncursed oil lamp (0:1448) f - an uncursed credit card h - an uncursed mirror i - an uncursed tallow candle (0:200) l - a magic marker (0:65) p - an uncursed lock pick Gems o - an uncursed worthless piece of red glass r - an uncursed worthless piece of black glass y - an uncursed jet stone z - an uncursed worthless piece of yellowish brown glass N - an uncursed worthless piece of orange glass Y - an uncursed luckstone Spells and supernatural/magical abilities: Name Level Category Fail Memory W - pray for help -- divine ? -- Your skills at the end: Fighting Skills Weapon Skills dagger [Basic] long sword [Basic] Spellcasting Skills Final Attributes: You were piously aligned. You were cold resistant. You had infravision. You were stealthy. You were lucky. You had extra luck. Bad luck did not time out for you. Good luck did not time out for you. You are dead. Vanquished creatures: a shrieker a little dog a hobbit a large kobold a yellow mold a gnome 2 geckos 5 jackals a fox a sewer rat a grid bug 3 bats 2 lichens a kobold zombie 4 newts 26 creatures vanquished. Voluntary challenges: You were an atheist. You used a wielded weapon 22 times, starting on turn 6. You were illiterate. You never genocided any monsters. You never polymorphed an object. You never changed form. You used no wishes. You never split a pudding. You never wrote Elbereth's name. You violated your moral code, losing 1 point of alignment, starting on turn 1075. Dungeon overview: The Dungeons of Doom: levels 1 to 2 Level 1 a long staircase Level 2 stairs to The Gnomish Mines The Gnomish Mines: levels 3 to 5 Level 3 stairs to The Dungeons of Doom Level 4 Level 5 <- You were here some shops, a temple to Loki, some fountains History has recorded: On T:1 you entered the Dungeons of Doom to retrieve the Amulet of Yendor! On T:698 you reached level 2 of The Dungeons of Doom. On T:763 you reached level 1 of The Gnomish Mines. On T:1075 you advanced to experience level 2. On T:1336 you reached level 2 of The Gnomish Mines. On T:1449 you advanced to experience level 3. On T:1665 you reached level 3 of The Gnomish Mines. Score breakdown: Gold: 88 ( 6631 points) Experience: 3 levels ( 7878 points) Exploration: 5 levels ( 11.11%) ( 9045 points) Discoveries: 1 item ( 0.41%) ( 1916 points) Valuables value: (no points given unless you survive) Artifact value: 0 ( 0 points) Variety of kills: 15 monsters ( 3.94%) ( 5952 points) Turncount: 1870 turns ( 0 points) Survival: died (score multiplied by 80%) Total score: 25137 Latest messages: You succeed in picking the lock. The door opens. You hit the large cat! The large cat misses. You miss the large cat. The large cat misses. You hit the large cat. The large cat bites! (2x) You miss the large cat. The large cat bites! You miss the large cat. The large cat bites! You miss the large cat. The large cat bites! You miss the large cat. The large cat bites! (2x) You miss the large cat. The large cat bites! You miss the large cat. The large cat misses. You miss the large cat. The large cat bites! You die... Final status: Farvel nyob the Valkyrie, killed by a large cat... You died in The Gnomish Mines on dungeon level 5 with 25137 points, and 88 pieces of gold, after 1870 moves. You were level 3 with a maximum of 44 hit points when you died.